 Dungeon Crawl Stone Soup version 0.20-a0-3-g334f831 (console) character file.

2566 brucemayne the Cleaver (level 9, -11/79 HPs)
             Began as a Hill Orc Monk on Oct 30, 2016.
             Was a Priest of Makhleb.
             Mangled by an orc warrior
             ... wielding a +0 war axe of chopping
              (20 damage)
             ... on level 10 of the Dungeon.
             The game lasted 00:21:08 (3782 turns).

brucemayne the Cleaver (Hill Orc Monk)              Turns: 3782, Time: 00:21:10

Health: -11/79     AC: 14    Str: 22    XL:     9   Next: 57%
Magic:  12/12      EV:  7    Int: 10    God:    Makhleb [***...]
Gold:   517        SH:  0    Dex: 13    Spells: 0 memorised, 8 levels left

rFire  . . .     SeeInvis .     S - +4 battleaxe
rCold  . . .     Gourm    .     V - +0 plate armour
rNeg   . . .     Faith    .     (shield currently unavailable)
rPois  .         Spirit   .     (no helmet)
rElec  .         Reflect  .     P - +1 cloak
rCorr  .         Harm     .     (no gloves)
MR     .....                    (no boots)
Stlth  ..........               (no amulet)
                                (no ring)
                                (no ring)

@: mighty, lethally poisoned (-11 -> -14), flying, drained
A: no striking features
a: Minor Destruction, Lesser Servant of Makhleb, Renounce Religion


You were on level 10 of the Dungeon.
You worshipped Makhleb.
Makhleb was most pleased with you.
You were not hungry.

You visited 2 branches of the dungeon, and saw 12 of its levels.
You also visited: Sewer.

You collected 582 gold pieces.
You spent 65 gold pieces at shops.

Inventory:

Hand Weapons
 a - a +0 hand axe
 f - a +3 flail of protection
 q - a +0 war axe
 E - a +0 war axe
 F - a +0 blowgun
 O - a +3 dagger
 S - a +4 battleaxe (weapon)
Missiles
 Q - 13 poisoned needles
Armour
 b - a +0 robe
 e - a +0 ring mail
 i - a +0 scale mail
 B - a +0 cloak
 P - a +1 cloak (worn)
 R - a +0 scale mail
 V - a +0 plate armour (worn)
Jewellery
 u - an uncursed amulet of faith
 L - an uncursed ring of teleportation
Wands
 g - a wand of flame (0/48)
 m - a wand of acid (0/15)
 T - a wand of lightning (2/15)
Scrolls
 d - a scroll of enchant armour {unknown}
 j - 2 scrolls of amnesia
 o - a scroll of remove curse
 x - a scroll of fog {unknown}
 y - a scroll of random uselessness {unknown}
 C - a scroll of noise {unknown}
 G - a scroll of magic mapping
 J - 2 scrolls of identify
Potions
 p - a potion of degeneration {unknown}
 r - a potion of ambrosia {unknown}
 z - a potion of invisibility {unknown}
 D - a potion of haste {unknown}
 I - a potion of magic {unknown}
 N - a potion of brilliance {unknown}
Books
 H - a book of Changes

   Spells                             Type                      Level
   a - Beastly Appendage              Transmutation                1
   b - Sticks to Snakes               Transmutation                2
   c - Spider Form                    Transmutation/Poison         3
   d - Ice Form                       Ice/Transmutation            4
   e - Blade Hands                    Transmutation                5
Comestibles
 c - 9 bread rations
 k - 5 fruits
 v - a royal jelly
 w - 4 meat rations
 A - a beef jerky


   Skills:
 + Level 7.1(6.9) Fighting
 + Level 12.8(12.6) Axes
 - Level 5.0(4.8) Armour
 - Level 2.4(2.2) Dodging
 - Level 1.5(1.4) Stealth
 - Level 5.0(4.9) Invocations


You had 8 spell levels left.
You didn't know any spells.

Dungeon Overview and Level Annotations

Branches:
Dungeon (11/15)            Temple (1/1) D:4
   Lair: D:8-11         Orc: D:9-12

Altars:
Ashenzari
Cheibriados
Dithmenos
Elyvilon
Fedhas
Gozag
Hepliaklqana
Kikubaaqudgha
Makhleb
Okawaru
Qazlal
Ru
Sif Muna
Trog
Uskayaw
Vehumet
Xom
Zin
The Shining One

Shops:
D:4 !

Annotations:
D:5 Nattefrost's ghost, novice TrHu
D:10 Psyche


Message History

The orc warrior hits you with a war axe of chopping.
* * * LOW HITPOINT WARNING * * *
x2
Okay, then.
Okay, then.
Evoke which item? (* to show all) (? for menu, Esc to quit)
Okay, then.
Okay, then.
Evoke which item? (* to show all) (? for menu, Esc to quit)
Okay, then.
It was a potion of might.
You feel very mighty all of a sudden. The worker ant completely misses you.
It was a potion of flight.
You feel very buoyant.
You fly up into the air.
The worker ant bites you.
* * * LOW HITPOINT WARNING * * *
You are poisoned.
The worker ant poisons you!
The orc warrior hits you with a war axe of chopping!!
You die...

##### #...#
#####...##########
#...#....##......#
#.a......##......#
#@oT......#......#
.####o@..........#.
....................
#.........................
###........o..o........#....
##...............#......#....
#.....................[.###..
#...................[...##...
#...#........................


You could see Psyche, a troll, an orc warrior, a worker ant and an orc wizard.

Vanquished Creatures
  2 hippogriffs
  Edmund (D:6)
  2 black bears (D:6)
  An orc warrior (D:11)
  Purgy (Sewer)
  An ogre (D:4)
  2 phantoms
  A necrophage (D:10)
  3 bullfrogs
  A wight (D:9)
  2 howler monkeys
  3 crimson imps
  A bullfrog zombie (D:6)
  6 hounds
  2 bullfrog skeletons
  4 orc priests
  A jelly (D:6)
  8 orc wizards
  A worker ant (D:9)
  A hound skeleton (D:6)
  A gnoll (D:6)
  7 adders
  A shadow imp (D:4)
  An adder skeleton (D:7)
  A worm (D:3)
  5 leopard geckos
  23 orcs
  6 bats
  3 giant cockroaches (D:6)
  2 goblins
  A hobgoblin (D:2)
  9 jackals
  A quokka (D:6)
  A ball python (D:2)
  3 frilled lizards
  A jackal skeleton (D:7)
  2 kobolds (D:3)
  2 rats
114 creatures vanquished.

Vanquished Creatures (collateral kills)
  A merfolk (D:9)
1 creature vanquished.

Vanquished Creatures (others)
  A shadow imp (D:11)
  An orc (D:11)
2 creatures vanquished.

Grand Total: 117 creatures vanquished

Notes
Turn   | Place    | Note
-------+----------+-------------------------------------------
     0 | D:1      | brucemayne the Hill Orc Monk began the quest for the Orb.
     0 | D:1      | Reached XP level 1. HP: 19/19 MP: 1/1
   245 | D:3      | Found a white marble altar of Elyvilon.
   360 | D:3      | Found a shadowy altar of Dithmenos.
   405 | D:3      | Reached XP level 2. HP: 23/26 MP: 2/2
   481 | D:4      | Reached skill level 5 in Axes
   489 | D:5      | Entered Level 5 of the Dungeon
   547 | D:4      | Noticed an ogre
   553 | D:4      | Killed an ogre
   553 | D:4      | Reached skill level 7 in Axes
   553 | D:4      | Reached XP level 3. HP: 21/31 MP: 3/3
   553 | D:4      | Reached XP level 4. HP: 26/39 MP: 4/4
   588 | D:4      | Found a staircase to the Ecumenical Temple.
   601 | Temple   | Entered the Ecumenical Temple
   740 | D:4      | Found Plog's Distillery.
   745 | D:4      | Bought a potion of heal wounds for 65 gold pieces
   784 | D:3      | Reached XP level 5. HP: 43/45 MP: 5/5
   825 | D:4      | Reached skill level 8 in Axes
   931 | D:3      | Reached XP level 6. HP: 20/51 MP: 6/6
  1027 | D:2      | Found a shattered altar of Ashenzari.
  1238 | D:5      | Noticed Nattefrost's ghost (novice TrHu)
  1307 | D:5      | Reached skill level 9 in Axes
  1390 | D:5      | Found a glowing golden altar of the Shining One.
  1392 | D:5      | Found a radiant altar of Vehumet.
  1393 | D:5      | Found a burning altar of Makhleb.
  1407 | D:5      | Became a worshipper of Makhleb the Destroyer
  1407 | D:5      | Reached * piety under Makhleb
  1407 | D:5      | Reached ** piety under Makhleb
  1444 | D:6      | Reached skill level 10 in Axes
  1444 | D:6      | Reached XP level 7. HP: 36/57 MP: 7/7
  1499 | D:6      | Found a bloodstained altar of Trog.
  1532 | D:6      | Reached skill level 11 in Axes
  1535 | D:6      | Noticed Edmund
  1562 | D:6      | Killed Edmund
  1562 | D:6      | Reached skill level 1 in Armour
  1562 | D:6      | Reached XP level 8. HP: 43/66 MP: 8/8
  1638 | D:6      | Found a glowing drain.
  1649 | Sewer    | Entered a sewer
  1675 | Sewer    | Noticed Purgy
  1693 | Sewer    | Killed Purgy
  1693 | Sewer    | Reached skill level 5 in Fighting
  1843 | D:7      | Noticed a hippogriff
  1853 | D:7      | Reached *** piety under Makhleb
  1862 | D:7      | Killed a hippogriff
  1914 | D:7      | HP: 2/71 [phantom (8)]
  2025 | D:8      | Reached skill level 5 in Armour
  2127 | D:7      | Found a snail-covered altar of Cheibriados.
  2135 | D:7      | Reached XP level 9. HP: 49/78 MP: 9/9
  2187 | D:8      | Reached skill level 1 in Invocations
  2197 | D:8      | Reached skill level 12 in Axes
  2614 | D:9      | Noticed a merfolk
  2619 | D:10     | Entered Level 10 of the Dungeon
  2691 | D:9      | Killed a merfolk
  2751 | D:9      | Found a blossoming altar of Fedhas.
  2752 | D:9      | Found a shimmering altar of Xom.
  2995 | D:10     | Noticed a troll
  2995 | D:10     | Noticed a troll
  2996 | D:10     | Noticed Psyche
  3024 | D:10     | Noticed a two-headed ogre
  3064 | D:9      | Reached skill level 5 in Invocations
  3150 | D:9      | Noticed an orange demon
  3782 | D:10     | Mangled by an orc warrior

Vault maps used:
D:1:      dpeg_arrival_line_fractal, hangedman_decor_lopped,
          hangedman_decor_opposing
D:2:      ashenzari_conservatory_becter, first_bread, minmay_fountain_box,
          minmay_misc_feat_chi
D:3:      chequers_temple_overflow_minitemple,
          grunt_dithmenos_smoke_and_mirrors, elyvilon_altar_4,
          hangedman_decor_growths
D:4:      serial_shops, kennysheep_little_box
D:5:      grunt_temple_overflow_lords_of_destruction, lemuel_round_altar
D:6:      trog_ov_bears_minmay, portal_sewer_entry_f, uniq_edmund
D:7:      nicolae_overflow_crystal_walls
D:8:      lemuel_zombie_altar_yredelemnul, uniq_maurice, uniq_erica, uniq_joseph
D:9:      gammafunk_temple_overflow_statue, hangedman_fish_farm,
          minmay_misc_feat_x
D:10:     kb_xom_exploding_sheep, uniq_psyche
D:11:     minmay_lair_entry_lava, david_orc_2, uniq_nergalle
Temple:   compressed_dpeg_triangle_lava_temple
Sewer:    sewer_big_baddie

Skill      XL: |  1  2  3  4  5  6  7  8  9 |
---------------+----------------------------+-----
Axes           | 7 8 10 11 12 | 12.8
Fighting       | 4 6 7 |  7.1
Armour         | 1 5 |  5.0
Invocations    | 5 |  5.0
Dodging        | |  2.4
Stealth        | |  1.5

Action                   |  1- 3 |  4- 6 |  7- 9 || total
-------------------------+-------+-------+-------++-------
Melee: Hand axe          |    31 |    22 |       ||    53
       War axe           |       |   115 |   304 ||   419
       Battleaxe         |       |       |    25 ||    25
Throw: Throwing net      |       |       |     3 ||     3
Invok: Lesser Servant of |       |       |     2 ||     2
Evoke: Wand              |     2 |       |     1 ||     3
  Use: Scroll            |     2 |     1 |    14 ||    17
       Potion            |       |     2 |    13 ||    15
 Stab: Sleeping          |     1 |       |       ||     1
       Held in net/web   |       |       |     1 ||     1
  Eat: Chunk             |       |     2 |     5 ||     7
       Fruit             |       |       |     3 ||     3
Armor: Ring mail         |     6 |    14 |       ||    20
       Robe              |     5 |       |       ||     5
       Scale mail        |       |    40 |   159 ||   199
       Skin              |       |       |    97 ||    97
       Plate armour      |       |       |    18 ||    18
Dodge: Dodged            |    30 |    83 |   167 ||   280
